 Dungeon Crawl Stone Soup version 0.28-a0-175-gb2089b6bb7 (webtiles) character file.

Game seed: 6631442651299249262

840 Nattfarinn the Fighter (level 8, -1/88 HPs)
             Began as an Ogre Hedge Wizard on Aug 17, 2021.
             Slain by a river rat (4 damage)
             ... in a sewer.
             The game lasted 00:10:27 (6813 turns).

Nattfarinn the Fighter (Ogre Hedge Wizard)          Turns: 6813, Time: 00:10:27

Health: -1/88      AC:  3    Str: 16    XL:     8   Next: 0%
Magic:  13/13      EV:  9    Int: 16    God:
Gold:   349        SH:  0    Dex:  8    Spells: 8/14 levels left

rFire   . . .      SeeInvis .   q - +1 giant club (flame)
rCold   . . .      Faith    .   (shield currently unavailable)
rNeg    . . .      Spirit   .   b - +0 robe
rPois   .          Reflect  .   c - +0 hat
rElec   .          Harm     .   (no cloak)
rCorr   .          Rampage  .   (gloves unavailable)
Will    .....                   (boots unavailable)
Stlth   +.........              m - amulet of the acrobat
HPRegen 0.24/turn               l - ring of flight
MPRegen 0.13/turn               (no ring)

@: flying
A: large, unfitting armour, tough skin 1
a: no special abilities


You were in a sewer.
You visited 1 branch of the dungeon, and saw 6 of its levels.
You also visited: Sewer.

You collected 349 gold pieces.

Inventory:

Hand Weapons
 a - a +0 dagger
 j - a +0 whip
 q - a +1 giant club of flaming (weapon)
Armour
 b - a +0 robe (worn)
 c - a +0 hat (worn)
Jewellery
 l - a ring of flight (left hand)
 m - an amulet of the acrobat (around neck)
 p - an amulet of faith
 s - a ring of poison resistance
Wands
 h - a wand of polymorph (7)
Scrolls
 e - 2 scrolls of silence
 f - a scroll of holy word
 g - 3 scrolls of fog
 k - 2 scrolls of teleportation
 n - 4 scrolls of enchant armour
 u - a scroll of fear
 v - 3 scrolls of identify
Potions
 d - a potion of brilliance {unknown}
 i - a potion of attraction {unknown}
 r - a potion of magic
 t - a potion of mutation {unknown}


   Skills:
 * Level 8.2 Fighting
 + Level 3.8 Maces & Flails
 - Level 1.7 Dodging
 - Level 1.4 Stealth
 - Level 3.6 Spellcasting
 - Level 0.8 Conjurations
 * Level 3.2 Hexes
 - Level 0.8 Summonings
 - Level 0.8 Translocations


You had 8 spell levels left.
You knew the following spells:

 Your Spells              Type           Power      Damage    Failure   Level
a - Magic Dart            Conj           20%        1d4       12%         1
b - Call Imp              Summ           5%         N/A       19%         2
c - Tukima's Dance        Hex            13%        N/A       14%         3

Your spell library contained the following spells:

 Spells                   Type           Power      Damage    Failure   Level
 Slow                     Hex            13%        N/A       7%          2
 Blink                    Tloc           N/A        N/A       19%         2
 Conjure Flame            Conj/Fire      4%         6-21      41%         3
 Mephitic Cloud           Conj/Pois/Air  3%         N/A       43%         3
 Passage of Golubria      Tloc           N/A        N/A       77%         4
 Yara's Violent Unravell  Hex/Tmut       4%         3d4       94%         5


Dungeon Overview and Level Annotations

Branches:
Dungeon (6/15)              Sewer (1/1)
 Temple: D:4-7

Altars:
Fedhas
Makhleb
Xom

Shops:
D:2 :   D:3 *

Annotations:
D:2 1 runed translucent door, Crazy Yiuf
D:4 1 runed translucent door, dsnv's ghost, amateur GrEE


Innate Abilities, Weirdness & Mutations

You are too large for most types of armour.
You have tough skin. (AC +1)


Message History

The river rat completely misses you. The river rat bites you.
You barely miss the river rat. The rat closely misses you.
The river rat bites you. The rat closely misses you.
You barely miss the river rat. The river rat closely misses you.
The rat barely misses you. The river rat bites you!
* * * LOW HITPOINT WARNING * * *
You bludgeon the river rat!! You burn the river rat.
You kill the river rat!
The rat bites you but does no damage.
You have reached level 8!
You closely miss the rat. The rat closely misses you.
The rat barely misses you.
You sock the rat! You burn the rat.
You kill the rat!
As you read the scroll labelled JAQARA ORU, it crumbles to dust.
You feel aware of your surroundings.
You sensed 1 shop/portal.
It was a scroll of magic mapping.
You see here a rat corpse.
Found a glowing drain.
Found a rapier.
You hear the slow rusting of a drain.
There is a glowing drain here.
The world spins around you as you enter the gateway.
You enter a sewer! 2 rats and 2 river rats come into view.
Found a gate leading back out of this place.
There is an empty arch of ancient stone here.
There is a gate leading back out of this place here.
You barely miss the river rat. The river rat bites you.
* * * LOW HITPOINT WARNING * * *
You closely miss the river rat. The river rat bites you!
* * * LOW HITPOINT WARNING * * *
The river rat bites you.
* * * LOW HITPOINT WARNING * * *
You hit the river rat but do no damage. The river rat bites you.
* * * LOW HITPOINT WARNING * * *
The river rat bites you.
* * * LOW HITPOINT WARNING * * *
The river rat bites you.
You die...

###
#.#
#.#
#r#
#@#
#r#
#r#
#r#
#.#
#.#
#.#
#.#
#.#


You could see 2 river rats and 2 rats.

Vanquished Creatures
  Sigmund (D:3)
  A centaur (D:6)
  A scorpion (D:4)
  A bullfrog (D:6)
  3 hounds (D:5)
  A bullfrog skeleton (D:5)
  3 orc wizards
  A hound skeleton (D:4)
  2 gnolls (D:4)
  3 adders
  A river rat (D:6)
  4 worms
  2 dart slugs
  9 orcs
  3 bats
  2 endoplasms (D:1)
  2 giant cockroaches (D:2)
  7 hobgoblins
  4 quokkas
  7 ball pythons
  2 frilled lizards
  3 goblins
  3 kobolds
  A quokka skeleton (D:4)
  9 rats
76 creatures vanquished.

Vanquished Creatures (collateral kills)
  Edmund (D:5)
  An ogre (D:4)
  A scorpion (D:4)
  2 orc priests (D:4)
  Jessica (D:3)
  A gnoll (D:4)
  3 orcs
  A kobold (D:4)
11 creatures vanquished.

Vanquished Creatures (others)
  14 plants (D:5)
14 creatures vanquished.

Grand Total: 101 creatures vanquished

Notes
Turn   | Place    | Note
-------+----------+-------------------------------------------
     0 | D:1      | Nattfarinn the Ogre Hedge Wizard began the quest for the
                  | Orb.
     0 | D:1      | Reached XP level 1. HP: 16/16 MP: 5/5
   369 | D:1      | Reached skill level 1 in Fighting
   495 | D:1      | Found a faded altar of an unknown god.
   585 | D:1      | Reached XP level 2. HP: 28/28 MP: 2/6
   742 | D:1      | Reached skill level 2 in Fighting
  1442 | D:2      | Found Paj Puba's Book Shop.
  1540 | D:2      | Reached skill level 1 in Maces & Flails
  1707 | D:2      | Reached XP level 3. HP: 36/36 MP: 2/8
  1893 | D:2      | Reached skill level 3 in Fighting
  2399 | D:2      | Found a runed translucent door.
  2400 | D:2      | Noticed Crazy Yiuf
  2977 | D:3      | Noticed Sigmund
  3015 | D:2      | Learned a level 2 spell: Call Imp
  3089 | D:3      | Killed Sigmund
  3090 | D:3      | Reached skill level 5 in Fighting
  3090 | D:3      | Reached XP level 4. HP: 20/50 MP: 0/9
  3090 | D:3      | Reached XP level 5. HP: 23/57 MP: 0/10
  4091 | D:3      | Found Favoam's Assorted Antiques.
  4138 | D:3      | Found a blossoming altar of Fedhas.
  4139 | D:3      | Found a burning altar of Makhleb.
  4140 | D:3      | Found a shimmering altar of Xom.
  4142 | D:3      | Noticed Jessica
  4146 | D:3      | Killed Jessica
  4455 | D:4      | Reached skill level 6 in Fighting
  4455 | D:4      | Reached XP level 6. HP: 67/67 MP: 5/11
  4646 | D:4      | Found a runed translucent door.
  4849 | D:4      | Learned a level 3 spell: Tukima's Dance
  5033 | D:4      | Reached skill level 1 in Hexes
  5713 | D:4      | Reached skill level 7 in Fighting
  5713 | D:4      | Reached XP level 7. HP: 66/78 MP: 2/12
  5834 | D:4      | Noticed dsnv's ghost (amateur GrEE)
  5873 | D:5      | Entered Level 5 of the Dungeon
  6440 | D:5      | Noticed Edmund
  6486 | D:5      | Killed Edmund
  6772 | D:6      | Reached skill level 8 in Fighting
  6793 | D:6      | Reached XP level 8. HP: 21/88 MP: 13/13
  6798 | D:6      | Found a glowing drain.
  6807 | Sewer    | Entered a sewer
  6813 | Sewer    | HP: 3/88 [river rat (2)]
  6813 | Sewer    | Slain by a river rat

Illustrated notes

Levels and vault maps discovered:
D:1:      dpeg_arrival_radiant, layout_loops_ring,
          dreamdust_ecumenical_altar_angels_and_demons
D:2:      layout_loops_corners, serial_shops, shop, uniq_crazy_yiuf_cottage
D:3:      layout_basic, chequers_temple_overflow_statue_of_worship,
          serial_shops, shop_statue, uniq_jessica, uniq_sigmund
D:4:      layout_rooms, ebering_ghost_sewer_d
D:5:      layout_basic, serial_bayou_lagoon_b, uniq_edmund
D:6:      layout_rooms, portal_sewer_entry_a, uniq_pikel
Sewer:    sewer_kobolds

Skill      XL: |  1  2  3  4  5  6  7 |
---------------+----------------------+-----
Fighting       | 1 2 5 6 7 8 |  8.2
Maces & Flails | 1 2 3 |  3.8
Hexes          | 1 3 |  3.2
Dodging        | |  1.7
Stealth        | |  1.4
Spellcasting   | |  3.6
Conjurations   | |  0.8
Summonings     | |  0.8
Translocations | |  0.8

Action                   |  1- 3 |  4- 6 |  7- 9 || total
-------------------------+-------+-------+-------++-------
Melee: Dagger            |    16 |       |       ||    16
       Whip              |    22 |    44 |       ||    66
       Giant club        |       |    28 |    84 ||   112
 Cast: Magic Dart        |    79 |    41 |       ||   120
       Call Imp          |     5 |    21 |       ||    26
       Tukima's Dance    |       |       |     2 ||     2
  Use: Scroll            |       |     2 |    10 ||    12
       Potion            |       |     2 |       ||     2
Armor: Robe              |     7 |    17 |    27 ||    51
       Skin              |       |       |     2 ||     2
Dodge: Dodged            |    21 |    51 |    59 ||   131

Table legend: (Time is in decaauts)
 A = Elapsed time spent in this place.
 B = Non-inter-level travel time spent in this place.
 C = Inter-level travel time spent in this place.
 D = Time resting spent in this place.
 E = Time spent auto-exploring this place.
 F = Levels seen in this place.
 G = Mean time per level.
                   A        B        C        D        E       F      G
               +--------+--------+--------+--------+--------+-----+--------+
         Total |   6853 |   6682 |    171 |    899 |   4989 |   7 |  979.0 |
       Dungeon |   6846 |   6675 |    171 |    899 |   4989 |   6 | 1141.0 |
         Sewer |      6 |      6 |      0 |      0 |      0 |   1 |    6.0 |
               +--------+--------+--------+--------+--------+-----+--------+

Top non-repeatable levels by time:
     D:2: 1916 daAuts
     D:4: 1487 daAuts
     D:1: 1359 daAuts
     D:3: 1122 daAuts
     D:5: 906 daAuts
     D:6: 55 daAuts
   Sewer: 6 daAuts
